 Dungeon Crawl Stone Soup version 0.22-a0-374-g5dfd9e3 (webtiles) character file.

77 grindst0ne the Shield-Bearer (level 4, -1/33 HPs)
             Began as an Octopode Fighter on Apr 26, 2018.
             Was an Initiate of Gozag.
             Slain by an adder (2 damage)
             ... on level 3 of the Dungeon.
             The game lasted 00:03:03 (1612 turns).

grindst0ne the Shield-Bearer (Octopode Fighter)     Turns: 1612, Time: 00:03:04

Health: -1/33      AC:  1    Str: 20    XL:     4   Next: 34%
Magic:  4/4        EV: 11    Int: 11    God:    Gozag
Gold:   247        SH:  9    Dex: 11    Spells: 3/3 levels left

rFire    . . .     SeeInvis .   a - +0 war axe
rCold    . . .     Gourm    .   b - +0 shield
rNeg     . . .     Faith    .   (helmet restricted)
rPois    .         Spirit   .   (no amulet)
rElec    .         Reflect  .   o - ring of stealth
rCorr    .         Harm     .   (no ring)
MR       .....                  (no ring)
Stlth    +++.......             (no ring)
HPRegen  0.11/turn              (no ring)
MPRegen  0.09/turn              (no ring)
                                (no ring)
                                (no ring)

@: mighty, hasted, very quick
A: almost no armour, stealthy swim, amphibious, 8 rings, constrict 8, camouflage
1, gelatinous body 1
a: Potion Petition, Call Merchant, Bribe Branch, Renounce Religion


You were on level 3 of the Dungeon.
You worshipped Gozag.
Gozag was aware of your devotion.
You were not hungry.

You visited 1 branch of the dungeon, and saw 3 of its levels.

You collected 289 gold pieces.
You paid 42 gold pieces to Gozag.

Inventory:

Hand Weapons
 a - a +0 war axe (weapon)
Missiles
 k - 7 javelins (quivered)
Armour
 b - a +0 shield (worn)
Jewellery
 o - a ring of stealth (left tentacle)
 r - an uncursed ring of magical power {unknown}
Wands
 g - a wand of random effects (32)
Scrolls
 e - 3 scrolls of identify {unknown}
 i - a scroll of remove curse {unknown}
 l - 2 scrolls of noise {unknown}
 s - a scroll of fog {unknown}
Potions
 c - a potion of might
 f - a potion of lignification {unknown}
 h - a potion of brilliance {unknown}
 j - a potion of berserk rage {unknown}
 m - a potion of haste
 n - a potion of degeneration {unknown}
 p - a potion of curing {unknown}
 q - 2 potions of mutation {unknown}
Comestibles
 d - 8 rations


   Skills:
 + Level 4.1 Fighting
 - Level 2.0 Axes
 - Level 3.0 Dodging
 + Level 4.1 Shields


You had 3 spell levels left.
You didn't know any spells.

Dungeon Overview and Level Annotations

Branches:
Dungeon (3/15)

Altars:
Fedhas
Gozag

Annotations:
D:3 tilp's ghost, amateur MfIE


Innate Abilities, Weirdness & Mutations

You cannot wear most types of armour.
You are very stealthy in the water. (Stealth+)
You are amphibious.
You can wear up to eight rings at the same time.
You can use your tentacles to constrict eight enemies at once.
Your skin changes colour to match your surroundings (Stealth+).
Your rubbery body absorbs attacks. (AC +1, EV +1)


Message History

Tilp's ghost is severely damaged.
Tilp's ghost hits you.
You feel very mighty all of a sudden.
You closely miss tilp's ghost.
Tilp's ghost is severely damaged.
Tilp's ghost hits you but does no damage.
You barely miss tilp's ghost.
Tilp's ghost is severely damaged.
You barely miss the adder. The adder closely misses you.
Tilp's ghost gestures at you while chanting.
You are frozen.
* * * LOW HITPOINT WARNING * * *
You block the adder's attack.
Okay, then.
Okay, then.
It was a potion of haste.
You feel as though your hastened speed will last longer.
You block tilp's ghost's attack. The adder bites you.
You die...
Your body crumbles into a pile of gold.

#..# #..#
#$.# #..#
#..# # #>.#.#
########..#.#
#.....$SW...#
########@.###
#######..#
.........#
######.## #.#
#.#
############
#.#
#..........#
#.#
..########<#
#.#


You could see tilp's ghost and an adder.

Vanquished Creatures
  2 adders (D:2)
  2 worms (D:2)
  A dart slug (D:2)
  A ball python (D:2)
  4 giant cockroaches
  6 goblins
  6 hobgoblins
  4 jackals (D:3)
  3 bats
  6 frilled lizards
  9 kobolds
  5 rats
49 creatures vanquished.

Notes
Turn   | Place    | Note
-------+----------+-------------------------------------------
     0 | D:1      | grindst0ne the Octopode Fighter began the quest for the Orb.
     0 | D:1      | Reached XP level 1. HP: 16/16 MP: 1/1
   234 | D:1      | Reached XP level 2. HP: 21/21 MP: 2/2
   574 | D:2      | Found an opulent altar of Gozag.
   590 | D:2      | Reached XP level 3. HP: 18/26 MP: 3/3
   612 | D:2      | Became a worshipper of Gozag Ym Sagoz the Greedy
  1032 | D:2      | Reached XP level 4. HP: 18/33 MP: 4/4
  1274 | D:2      | Found a blossoming altar of Fedhas.
  1579 | D:3      | Noticed tilp's ghost (amateur MfIE)
  1611 | D:3      | HP: 1/33 [tilp's ghost/Freeze (12)]
  1612 | D:3      | Slain by an adder

Vault maps used:
D:1:      scummos_arrival_star, minmay_misc_feat_hallway
D:2:      marbit_many_paths, nicolae_gozag_seed_capital
D:3:      lemuel_coloured_pillars_altar, minitemple,
          nicolae_overflow_crystal_walls

Skill      XL: |  1  2  3 |
---------------+----------+-----
Fighting       | 4 |  4.1
Shields        | 4 |  4.1
Axes           | |  2.0
Dodging        | |  3.0

Action                   |  1- 3 |  4- 6 || total
-------------------------+-------+-------++-------
Melee: War axe           |    55 |    35 ||    90
       Constrict         |    14 |     6 ||    20
       Tentacles         |     6 |     1 ||     7
Invok: Potion Petition   |       |     1 ||     1
  Use: Potion            |       |     2 ||     2
 Stab: Sleeping          |     5 |     4 ||     9
  Eat: Ration            |       |     1 ||     1
Armor: Skin              |     4 |     3 ||     7
Dodge: Dodged            |    21 |    13 ||    34
Block: Shield            |    21 |    13 ||    34

Table legend:
 A = Spawn XP
 B = Non-spawn XP
 C = Spawn XP percentage of total XP
 D = Spawn monster count
 E = Non-spawn monster count
 F = Spawn count percentage of total count
 G = Total turns spent on level
                    A         B        C        D         E        F      G
               +---------+---------+-------+---------+---------+-------+---------
         Total |       0 |     111 |   0.0 |       0 |      49 |   0.0 |  1612
               +---------+---------+-------+---------+---------+-------+---------
           D:1 |       0 |      26 |   0.0 |       0 |      17 |   0.0 |   574
           D:2 |       0 |      69 |   0.0 |       0 |      23 |   0.0 |   916
           D:3 |       0 |      16 |   0.0 |       0 |       9 |   0.0 |   122
               +---------+---------+-------+---------+---------+-------+---------
